 Dungeon Crawl Stone Soup version 0.26-a0-54-g15ccc7ae60 (webtiles) character file.

Game seed: 712550037982104136

326 Ozzies the Skirmisher (level 6, -3/42 HPs)
             Began as a Gargoyle Fighter on June 8, 2020.
             Killed by divine providence
             ... invoked by an orc priest
              (15 damage)
             ... on level 4 of the Dungeon.
             The game lasted 00:05:42 (3543 turns).

Ozzies the Skirmisher (Gargoyle Fighter)            Turns: 3543, Time: 00:05:42

Health: -3/42      AC: 11    Str: 21    XL:     6   Next: 49%
Magic:  6/6        EV:  7    Int:  9    God:
Gold:   124        SH:  9    Dex:  9    Spells: 5/5 levels left

rFire    + . .     SeeInvis .   t - +1 morningstar (pain)
rCold    . . .     Gourm    .   c - +0 kite shield
rNeg     + . .     Faith    .   b - +0 scale mail
rPois    ∞         Spirit   .   (no helmet)
rElec    +         Reflect  .   (no cloak)
rCorr    .         Harm     .   (no gloves)
MR       .....                  (no boots)
Stlth    ..........             (no amulet)
HPRegen  0.14/turn              l - ring of protection from cold
MPRegen  0.10/turn              u - ring of fire

@: no status effects
A: negative energy resistance 1, electricity resistance, unbreathing,
petrification resistance, rot immunity, AC +4
a: no special abilities


You were on level 4 of the Dungeon.
You were near starving.

You visited 1 branch of the dungeon, and saw 4 of its levels.

You collected 124 gold pieces.

Inventory:

Hand Weapons
 a - a +0 flail
 g - a +0 whip
 i - a +0 whip of flaming
 t - a +1 morningstar of pain (weapon)
Armour
 b - a +0 scale mail (worn)
 c - a +0 kite shield (worn)
Jewellery
 l - a ring of protection from cold (left hand)
 u - a ring of fire (right hand)
Scrolls
 e - a scroll of enchant weapon {unknown}
 k - 2 scrolls of remove curse
 n - a scroll of fear {unknown}
 p - a scroll of identify {unknown}
 s - 2 scrolls of immolation {unknown}
Potions
 d - a potion of might
 h - a potion of stabbing {unknown}
 j - a potion of heal wounds {unknown}
 m - a potion of brilliance {unknown}
 o - 2 potions of haste {unknown}
 q - a potion of magic {unknown}
 r - a potion of resistance {unknown}
Comestibles
 f - 3 rations


   Skills:
 * Level 6.6 Fighting
 + Level 4.1 Maces & Flails
 - Level 3.2 Armour
 - Level 3.2 Shields


You had 5 spell levels left.
You didn't know any spells.
Your spell library contained the following spells:

 Spells                   Type           Power        Failure   Level  Hunger
 Animate Skeleton         Necr           N/A          99%         1    ##.....
 Apportation              Tloc           #.....       99%         1    ##.....
 Corona                   Hex            #......      99%         1    ##.....
 Summon Small Mammal      Summ           #...         99%         1    ##.....


Dungeon Overview and Level Annotations

Branches:
Dungeon (4/15)
 Temple: D:4-7

Altars:
Cheibriados


Innate Abilities, Weirdness & Mutations

You are resistant to torment.
Your stone body is resilient. (AC +4)
You are immune to poison.
You resist negative energy. (rN+)
You are resistant to electric shocks. (rElec)
You can survive without breathing.
You are immune to petrification.
You are immune to rotting.


Message History

Your shield prevents you from hitting Natasha.
Natasha is lightly wounded.
The adder bites you but does no damage. The orc priest hits you.
Natasha claws you but does no damage. The adder barely misses you.
You barely miss Natasha.
Natasha is lightly wounded.
The orc priest barely misses you. Natasha barely misses you.
The adder bites you but does no damage.
The orc priest hits you but does no damage.
You puncture Natasha!
You kill Natasha!
Natasha growls in agony!
You block the adder's attack.
The orc priest mumbles some strange prayers to Beogh against you.
Beogh smites you! The adder bites you. The adder bites you.
* * * LOW HITPOINT WARNING * * *
The orc priest calls down the wrath of Beogh upon you.
Beogh smites you!
You die...

#....# ###)#####
####.#
######.......###
#.#
................
#.#
>...............
#.#
.###.#.[.....###
#.#
#.......#####
#.#
#.#.#.#######
#.#
#............
#.#
#...S@o..####
#.#
..............#
#.#
####.......#.##
#.# .........# #
#.# ##.#...####
#.# #.#.... #.#
# #.... #.#
#.... #.#


You could see an orc priest and an adder.

Vanquished Creatures
  An ogre (D:4)
  A howler monkey (D:4)
  Natasha (D:4)
  9 adders
  An ooze (D:2)
  An adder skeleton (D:4)
  6 worms
  2 dart slugs
  4 leopard geckos
  3 orcs (D:4)
  3 giant cockroaches
  3 goblins
  9 hobgoblins
  A quokka (D:2)
  12 bats
  5 frilled lizards
  6 kobolds
  7 rats
75 creatures vanquished.

Notes
Turn   | Place    | Note
-------+----------+-------------------------------------------
     0 | D:1      | Ozzies the Gargoyle Fighter began the quest for the Orb.
     0 | D:1      | Reached XP level 1. HP: 14/14 MP: 1/1
   297 | D:1      | Reached XP level 2. HP: 11/20 MP: 2/2
   538 | D:1      | Reached skill level 4 in Fighting
   634 | D:1      | Reached XP level 3. HP: 23/24 MP: 3/3
  1264 | D:2      | Reached XP level 4. HP: 27/30 MP: 4/4
  1645 | D:2      | Reached skill level 5 in Fighting
  2360 | D:3      | Reached XP level 5. HP: 35/35 MP: 5/5
  2445 | D:3      | Found a snail-covered altar of Cheibriados.
  3176 | D:4      | Noticed an ogre
  3194 | D:4      | Killed an ogre
  3194 | D:4      | Reached skill level 6 in Fighting
  3194 | D:4      | Reached XP level 6. HP: 2/41 MP: 6/6
  3533 | D:4      | Noticed Natasha
  3542 | D:4      | Killed Natasha
  3543 | D:4      | Killed from afar by an orc priest

Illustrated notes

Levels and vault maps discovered:
D:1:      saegor_arrival_simple_b, layout_basic, minmay_cupped
D:2:      layout_loops_corners, nrook_campfire
D:3:      layout_loops_corners, overflow_temple_1_default
D:4:      layout_basic, nicolae_overflow_hidden_temple, first_ration,
          kennysheep_minor_cross, grunt_decor_one_mirror, uniq_natasha,
          uniq_sigmund, uniq_crazy_yiuf_cottage

Skill      XL: |  1  2  3  4  5  6 |
---------------+-------------------+-----
Fighting       | 4 5 6 |  6.6
Maces & Flails | 3 4 |  4.1
Armour         | |  3.2
Shields        | |  3.2

Action                   |  1- 3 |  4- 6 || total
-------------------------+-------+-------++-------
Melee: Flail             |    24 |       ||    24
       Whip              |   128 |   209 ||   337
       Morningstar       |       |    22 ||    22
  Use: Scroll            |       |     1 ||     1
       Potion            |       |     1 ||     1
  Eat: Chunk             |     1 |     6 ||     7
Armor: Scale mail        |    76 |   116 ||   192
Dodge: Dodged            |    62 |    73 ||   135
Block: Kite shield       |   108 |   117 ||   225

Table legend:
 A = Non-vault XP
 B = Vault XP
 C = Vault XP percentage of total XP
 D = Non-vault monster count
 E = Vault monster count
 F = Vault count percentage of total count
                 A         B        C        D         E       F
            +---------+---------+-------+---------+---------+-------
      Total |     425 |      41 |   8.8 |      70 |       5 |   6.7
            +---------+---------+-------+---------+---------+-------
        D:1 |      30 |       6 |  16.7 |      18 |       4 |  18.2
        D:2 |     103 |       0 |   0.0 |      29 |       0 |   0.0
        D:3 |      82 |       0 |   0.0 |      15 |       0 |   0.0
        D:4 |     210 |      35 |  14.3 |       8 |       1 |  11.1
            +---------+---------+-------+---------+---------+-------
